 Dungeon Crawl Stone Soup version 0.21-a0-504-g2eda330 (webtiles) character file.

296 wvc the Quickloader (level 6, -3/50 HPs)
             Began as a Gnoll Wanderer on Nov 26, 2017.
             Was an Initiate of Ashenzari.
             Slain by darxusza's ghost (8 damage)
             ... on level 4 of the Dungeon.
             The game lasted 00:09:01 (2891 turns).

wvc the Quickloader (Gnoll Wanderer)                Turns: 2891, Time: 00:09:02

Health: -3/50      AC: 10    Str: 16    XL:     6   Next: 34%
Magic:  8/8        EV: 10    Int: 21    God:    Ashenzari [......]
Gold:   133        SH:  0    Dex: 15    Spells: 8/8 levels left

rFire    + . .     SeeInvis .   r - +0 rapier
rCold    . . .     Gourm    .   (no shield)
rNeg     . . .     Faith    .   a - +2 scale mail
rPois    .         Spirit   .   (no helmet)
rElec    .         Reflect  .   (no cloak)
rCorr    .         Harm     .   m - +0 pair of gloves {Dex+3} (curse)
MR       .....                  (no boots)
Stlth    +.........             (no amulet)
HPRegen  0.16/turn              l - +4 ring of intelligence
MPRegen  0.11/turn              i - ring of protection from fire

@: no status effects
A: distributed training, fangs 1, strong nose
a: Curse Item, Renounce Religion


You were on level 4 of the Dungeon.
You worshipped Ashenzari.
Ashenzari was noncommittal.
You were not hungry.

You visited 1 branch of the dungeon, and saw 4 of its levels.

You collected 133 gold pieces.

Inventory:

Hand Weapons
 c - a +0 hand crossbow
 r - a +0 rapier (weapon)
 t - a +0 war axe
Missiles
 e - 8 poisoned needles
Armour
 a - a +2 scale mail (worn)
 m - a cursed +0 pair of gloves of dexterity (worn)
Jewellery
 i - a ring of protection from fire (right hand)
 l - a +4 ring of intelligence (left hand)
Wands
 p - a wand of iceblast (8)
Scrolls
 b - 2 scrolls of teleportation
 g - 2 scrolls of magic mapping
 n - 2 scrolls of fear
 v - a scroll of amnesia
Potions
 j - 2 potions of agility
 k - a potion of haste
 o - a potion of flight
 q - a potion of brilliance
 s - 3 potions of curing
Comestibles
 f - 4 bread rations
 h - a meat ration


   Skills:
 + Level 4.9 Fighting
 + Level 1.9 Short Blades
 + Level 1.9 Long Blades
 + Level 1.9 Axes
 + Level 1.9 Maces & Flails
 + Level 1.9 Polearms
 + Level 1.9 Staves
 + Level 1.9 Slings
 + Level 1.9 Bows
 + Level 8.7 Crossbows
 + Level 1.9 Throwing
 + Level 4.9 Armour
 + Level 1.9 Dodging
 + Level 4.5 Stealth
 + Level 1.9 Shields
 + Level 1.9 Unarmed Combat
 + Level 1.9 Spellcasting
 + Level 1.5 Conjurations
 + Level 1.5 Hexes
 + Level 1.5 Charms
 + Level 1.5 Summonings
 + Level 1.5 Necromancy
 + Level 1.5 Translocations
 + Level 1.5 Transmutations
 + Level 1.5 Fire Magic
 + Level 1.5 Ice Magic
 + Level 1.5 Air Magic
 + Level 1.5 Earth Magic
 + Level 1.5 Poison Magic
 + Level 2.1 Invocations
 + Level 1.9 Evocations


You had 8 spell levels left.
You didn't know any spells.

Dungeon Overview and Level Annotations

Branches:
Dungeon (4/15)
 Temple: D:4-7

Altars:
Ashenzari
Kikubaaqudgha
Makhleb
Qazlal
Ru
Trog
Wu Jian
Xom

Annotations:
D:3 Grinder
D:4 darxusza's ghost, amateur MfGl


Innate Abilities, Weirdness & Mutations

Your experience applies equally to all skills.
You have very sharp teeth.
Your uncanny sense of smell can sniff out nearby items.


Message History

You closely miss darxusza's ghost.
You bite darxusza's ghost, but do no damage.
Darxusza's ghost is lightly damaged.
Darxusza's ghost hits you but does no damage.
You barely miss darxusza's ghost.
Darxusza's ghost is lightly damaged.
Darxusza's ghost hits you but does no damage.
You closely miss darxusza's ghost.
Darxusza's ghost is lightly damaged.
Darxusza's ghost hits you.
You hit darxusza's ghost but do no damage.
Darxusza's ghost is lightly damaged.
Darxusza's ghost hits you!
* * * LOW HITPOINT WARNING * * *
Darxusza's ghost hits you but does no damage.
You closely miss darxusza's ghost.
Darxusza's ghost is lightly damaged.
Darxusza's ghost closely misses you. Darxusza's ghost hits you!
You die...

(# .# .# .# .# (# (# .#
############.# .# ###
#......@W....#
.#####.###.############
......#.##.######
######............
###........#######
#....##.#### #.##.#.#.#
...#..###.# .8...## #..


You could see darxusza's ghost.

Vanquished Creatures
  A centaur (D:2)
  An orc priest (D:3)
  An iguana (D:4)
  A worker ant (D:4)
  The ghost of 4thArraOfDagon the Firebug, a weakling DEFE (D:3)
  6 adders
  An ooze (D:1)
  2 worms
  2 dart slugs (D:1)
  A leopard gecko (D:1)
  4 orcs
  6 bats
  6 giant cockroaches
  4 hobgoblins (D:1)
  A quokka (D:2)
  2 ball pythons
  A frilled lizard (D:1)
  7 goblins
  7 kobolds
  4 rats
59 creatures vanquished.

Vanquished Creatures (others)
  4 toadstools (D:1)
4 creatures vanquished.

Grand Total: 63 creatures vanquished

Notes
Turn   | Place    | Note
-------+----------+-------------------------------------------
     0 | D:1      | wvc the Gnoll Wanderer began the quest for the Orb.
     0 | D:1      | wvc set off with: a +2 scale mail, a scroll of teleportation, a +0 hand crossbow, 23 bolts, a +0 dagger, a bread ration
     0 | D:1      | Reached XP level 1. HP: 20/20 MP: 1/1
    46 | D:1      | Reached XP level 2. HP: 26/26 MP: 2/2
   353 | D:1      | Reached XP level 3. HP: 31/31 MP: 3/3
   868 | D:2      | Reached skill level 1 in Invocations
   873 | D:2      | Reached skill level 1 in Short Blades
   873 | D:2      | Reached skill level 1 in Long Blades
   873 | D:2      | Reached skill level 1 in Axes
   873 | D:2      | Reached skill level 1 in Maces & Flails
   873 | D:2      | Reached skill level 1 in Polearms
   873 | D:2      | Reached skill level 1 in Staves
   873 | D:2      | Reached skill level 1 in Slings
   873 | D:2      | Reached skill level 1 in Bows
   873 | D:2      | Reached skill level 1 in Throwing
   873 | D:2      | Reached skill level 1 in Dodging
   873 | D:2      | Reached skill level 1 in Shields
   873 | D:2      | Reached skill level 1 in Unarmed Combat
   873 | D:2      | Reached skill level 1 in Spellcasting
   873 | D:2      | Reached skill level 1 in Evocations
   880 | D:2      | Noticed a centaur
   882 | D:2      | Killed a centaur
   882 | D:2      | Reached skill level 1 in Conjurations
   882 | D:2      | Reached skill level 1 in Hexes
   882 | D:2      | Reached skill level 1 in Charms
   882 | D:2      | Reached skill level 1 in Summonings
   882 | D:2      | Reached skill level 1 in Necromancy
   882 | D:2      | Reached skill level 1 in Translocations
   882 | D:2      | Reached skill level 1 in Transmutations
   882 | D:2      | Reached skill level 1 in Fire Magic
   882 | D:2      | Reached skill level 1 in Ice Magic
   882 | D:2      | Reached skill level 1 in Air Magic
   882 | D:2      | Reached skill level 1 in Earth Magic
   882 | D:2      | Reached skill level 1 in Poison Magic
   882 | D:2      | Reached XP level 4. HP: 21/38 MP: 4/6
   882 | D:2      | Reached XP level 5. HP: 23/43 MP: 4/7
  1479 | D:3      | Noticed 4thArraOfDagon's ghost (weakling DEFE)
  1587 | D:3      | Killed 4thArraOfDagon's ghost
  1644 | D:3      | Noticed Grinder
  1722 | D:3      | Found a shattered altar of Ashenzari.
  1722 | D:3      | Found a bloodstained altar of Trog.
  1723 | D:3      | Found a burning altar of Makhleb.
  1737 | D:3      | Found a shimmering altar of Xom.
  1748 | D:3      | Became a worshipper of Ashenzari the Shackled
  1842 | D:3      | Reached XP level 6. HP: 22/50 MP: 8/8
  2079 | D:3      | Found an ancient bone altar of Kikubaaqudgha.
  2092 | D:3      | Found an ornate altar of the Wu Jian Council.
  2096 | D:3      | Found a stormy altar of Qazlal.
  2112 | D:3      | Found a sacrificial altar of Ru.
  2575 | D:4      | Noticed darxusza's ghost (amateur MfGl)
  2891 | D:4      | Slain by darxusza's ghost

Vault maps used:
D:1:      ldierk_walled_garden_2, minmay_tromino_i2
D:3:      nicolae_overflow_quartered_altars, grunt_temple_overflow_cloverleaf,
          uniq_grinder
D:4:      marbit_many_paths, lemuel_doored_altar, tso_metal_star, first_bread,
          grunt_ministairs_13

Skill      XL: |  1  2  3  4  5 |
---------------+----------------+-----
Invocations    | 1 2 |  2.1
Short Blades   | 1 |  1.9
Long Blades    | 1 |  1.9
Axes           | 1 |  1.9
Maces & Flails | 1 |  1.9
Polearms       | 1 |  1.9
Staves         | 1 |  1.9
Slings         | 1 |  1.9
Bows           | 1 |  1.9
Throwing       | 1 |  1.9
Dodging        | 1 |  1.9
Shields        | 1 |  1.9
Unarmed Combat | 1 |  1.9
Spellcasting   | 1 |  1.9
Evocations     | 1 |  1.9
Conjurations   | 1 |  1.5
Hexes          | 1 |  1.5
Charms         | 1 |  1.5
Summonings     | 1 |  1.5
Necromancy     | 1 |  1.5
Translocations | 1 |  1.5
Transmutations | 1 |  1.5
Fire Magic     | 1 |  1.5
Ice Magic      | 1 |  1.5
Air Magic      | 1 |  1.5
Earth Magic    | 1 |  1.5
Poison Magic   | 1 |  1.5
Fighting       | |  4.9
Crossbows      | |  8.7
Armour         | |  4.9
Stealth        | |  4.5

Action                   |  1- 3 |  4- 6 || total
-------------------------+-------+-------++-------
Melee: Rapier            |       |    83 ||    83
       Dagger            |       |    26 ||    26
       Bite              |       |    13 ||    13
 Fire: Hand crossbow     |    62 |    70 ||   132
Invok: Curse Item        |       |     1 ||     1
  Use: Scroll            |       |    10 ||    10
  Eat: Chunk             |       |     4 ||     4
       Royal jelly       |       |     1 ||     1
Armor: Scale mail        |    12 |    83 ||    95
Dodge: Dodged            |    10 |    93 ||   103

Table legend:
 A = Spawn XP
 B = Non-spawn XP
 C = Spawn XP percentage of total XP
 D = Spawn monster count
 E = Non-spawn monster count
 F = Spawn count percentage of total count
 G = Total turns spent on level
                    A         B        C        D         E        F      G
               +---------+---------+-------+---------+---------+-------+---------
         Total |       0 |     423 |   0.0 |       0 |      59 |   0.0 |  2891
               +---------+---------+-------+---------+---------+-------+---------
           D:1 |       0 |      50 |   0.0 |       0 |      24 |   0.0 |   859
           D:2 |       0 |     199 |   0.0 |       0 |      17 |   0.0 |   538
           D:3 |       0 |     103 |   0.0 |       0 |      15 |   0.0 |  1128
           D:4 |       0 |      71 |   0.0 |       0 |       3 |   0.0 |   366
               +---------+---------+-------+---------+---------+-------+---------
